 Dungeon Crawl Stone Soup version 0.18.1-48-g4cf74bf (webtiles) character file.

557 HAL9000j the Shield-Bearer (level 7, 0/43 HPs)
             Began as a Gargoyle Fighter on July 8, 2016.
             Was a Follower of Okawaru.
             Slain by a gnoll (1 damage)
             ... on level 3 of the Dungeon.
             The game lasted 00:12:30 (3063 turns).

HAL9000j the Shield-Bearer (Gargoyle Fighter)       Turns: 3063, Time: 00:12:30

Health: 0/43       AC: 14    Str: 21    XL:     7   Next: 30%
Magic:  7/9        EV: 11    Int:  8    God:    Okawaru [*.....]
Gold:   73         SH: 11    Dex: 10    Spells: 0 memorised, 9 levels left

rFire  . . .     SeeInvis .     k - +2 dagger (drain)
rCold  . . .     Gourm    .     b - +0 scale mail
rNeg   + . .     Faith    .     c - +0 shield
rPois  ∞         Spirit   .     s - +0 helmet (curse)
rElec  +         Dismiss  .     (no cloak)
rCorr  .         Reflect  .     (no gloves)
SustAt .         Harm     .     (no boots)
MR     .....                    (no amulet)
Stlth  +++.......               (no ring)
                                (no ring)

@: heroism, not resistant to hostile enchantments, fairly stealthy
A: negative energy resistance 1, electricity resistance, unbreathing,
petrification resistance, rot immunity, AC +4
a: Heroism, Renounce Religion


You were on level 3 of the Dungeon.
You worshipped Okawaru.
Okawaru was aware of your devotion.
You were not hungry.

You visited 1 branch of the dungeon, and saw 3 of its levels.

You collected 73 gold pieces.

Inventory:

Hand Weapons
 a - a +0 flail
 e - a cursed -1 halberd
 k - a +2 dagger of draining (weapon)
Armour
 b - a +0 scale mail (worn)
 c - a +0 shield (worn)
 r - a +2 animal skin
 s - a cursed +0 helmet (worn)
Scrolls
 o - a scroll of identify
 p - a scroll of amnesia
Potions
 d - a potion of might
Comestibles
 f - a bread ration
 g - a chunk of flesh
 h - 2 slices of pizza
 j - 2 meat rations


   Skills:
 + Level 4.2(9.2) Fighting
 * Level 1.8(6.8) Short Blades
 - Level 2.6(7.6) Maces & Flails
 + Level 2.0(7.0) Throwing
 + Level 4.2(9.2) Armour
 * Level 4.0(9.0) Stealth
 * Level 4.8(9.8) Shields
 + Level 1.7 Spellcasting


You had 9 spell levels left.
You didn't know any spells.

Dungeon Overview and Level Annotations

Branches:
Dungeon (3/15)

Altars:
Fedhas
Okawaru


Innate Abilities, Weirdness & Mutations

You are resistant to torment.
Your stone body is resilient (AC +4).
You are immune to poison.
You resist negative energy.
You are resistant to electric shocks.
You can survive without breathing.
You are immune to petrification.
You are immune to rotting.


Message History

* * * LOW HITPOINT WARNING * * *
You see here a halberd.
Drink which item? (? for menu, Esc to quit)
It was a potion of cure mutation.
It has a very clean taste.
You block the gnoll's attack. The gnoll hits you.
* * * LOW HITPOINT WARNING * * *
You gain the combat prowess of a mighty hero.
You feel slightly more hungry. You block the gnoll's attack.
The gnoll misses you. The gnoll closely misses you.
You hit the gnoll but do no damage. You block the gnoll's attack.
You hit the gnoll.
The gnoll is moderately wounded.
The gnoll hits you.
* * * LOW HITPOINT WARNING * * *
The gnoll barely misses you. The gnoll closely misses you.
Read which item? (? for menu, Esc to quit)
As you read the scroll labeled ULEPSUSCHIEDY, it crumbles to dust.
Your +2 dagger of draining glows dark beige for a moment.
It was a scroll of random uselessness.
The gnoll hits you.
You die... # # ########### # g.'....'. # #....# #+# #....# #+ ..# ###########''''#############. gg#

...........................#.
###≈≈≈≈≈≈≈≈≈≈≈≈.g..≈≈≈≈≈≈≈≈≈≈≈≈##
≈≈≈≈≈≈≈≈≈≈≈≈≈≈≈g@g.≈≈≈≈≈≈≈≈≈≈≈≈≈≈
≈≈≈≈≈≈≈≈≈≈≈≈≈≈≈....≈≈≈≈≈≈≈≈≈≈≈≈≈≈
................%................
###########.####)#..###.......###
#...#######.####..).# #.#####.#
#.#.............)...# #.# #.#
._..###.##.<.###.#.####.# #.###
#.#.....................#####....
...####.##...###.#)####..........


You could see 3 gnolls.

Vanquished Creatures
  Grinder (D:3)
  2 gnoll shamans (D:3)
  Robin (D:2)
  13 gnolls (D:3)
  6 adders
  An ooze (D:1)
  4 worms
  3 dart slugs
  2 giant geckos (D:2)
  5 giant cockroaches
  13 goblins
  16 hobgoblins
  14 jackals (D:3)
  A ball python (D:1)
  8 bats
  3 giant newts
  6 kobolds
  8 rats
107 creatures vanquished.

Notes
Turn   | Place    | Note
--------------------------------------------------------------
     0 | D:1      | HAL9000j the Gargoyle Fighter began the quest for the Orb.
     0 | D:1      | Reached XP level 1. HP: 14/14 MP: 1/1
   207 | D:1      | Reached XP level 2. HP: 18/19 MP: 2/2
   220 | D:1      | Reached skill level 1 in Stealth
   534 | D:1      | Reached XP level 3. HP: 22/23 MP: 3/3
   911 | D:2      | Reached skill level 1 in Throwing
   954 | D:2      | Reached XP level 4. HP: 14/28 MP: 4/4
  1835 | D:3      | Noticed Robin
  1851 | D:2      | Killed Robin
  1851 | D:2      | Reached XP level 5. HP: 32/32 MP: 6/6
  2631 | D:3      | Found an iron altar of Okawaru.
  2642 | D:3      | Became a worshipper of Warmaster Okawaru
  2651 | D:3      | Found a blossoming altar of Fedhas.
  2685 | D:3      | Noticed Grinder
  2719 | D:3      | Reached XP level 6. HP: 35/38 MP: 7/7
  2739 | D:3      | Reached skill level 1 in Spellcasting
  2744 | D:3      | Paralysed by Grinder for 7 turns
  2785 | D:3      | Reached skill level 1 in Short Blades
  2789 | D:3      | Paralysed by Grinder for 3 turns
  2800 | D:3      | Killed Grinder
  2800 | D:3      | Reached * piety under Okawaru
  2800 | D:3      | Reached XP level 7. HP: 12/43 MP: 7/9
  3059 | D:3      | HP: 2/43 [gnoll (1)]
  3063 | D:3      | Slain by a gnoll

Skill      XL: |  1  2  3  4  5  6  7 |
---------------+----------------------+-----
Stealth        | 1 2 3 4 |  4.0
Throwing       | 1 2 |  2.0
Shields        | 4 |  4.8
Armour         | 4 |  4.2
Spellcasting   | 1 |  1.7
Fighting       | 4 |  4.2
Short Blades   | 1 |  1.8
Maces & Flails | |  2.6

Action                   |  1- 3 |  4- 6 |  7- 9 || total
-------------------------+-------+-------+-------++-------
Melee: Flail             |   119 |   166 |       ||   285
       Dagger            |       |   135 |    35 ||   170
Invok: Heroism           |       |       |     1 ||     1
  Use: Scroll            |       |     5 |     2 ||     7
       Potion            |       |     5 |     1 ||     6
 Stab: Invisible         |       |     1 |       ||     1
  Eat: Chunk             |       |     7 |     1 ||     8
Armor: Scale mail        |    60 |   188 |    14 ||   262
       Skin              |       |     4 |       ||     4
Dodge: Dodged            |    42 |   108 |    19 ||   169
Block: Shield            |    62 |   193 |    20 ||   275
